Map: Ruins of Endion

Players

puCK (Nina)

  • Race: Protoss Protoss
  • League: Grandmaster

Kelazhur - Winner!

  • Race: Terran Terran

Event: SpawningTool Invitational 1

VOD

https://www.youtube.com/watch?v=y051JGJX31k

Description

Time

  • Played on: May 30, 2016, 7:34 p.m.
  • Length: 6:51

All games in this series

Show
View Real Time Build Order
Export as new Build Order

puCK Protoss 

Build Orders: 1 Gate Expand 

Get SALT Encoding   

  12  0:01  Probe (Chrono Boost)  
  13  0:11  Probe (Chrono Boost)  
  14  0:17  Pylon  
  14  0:22  Probe (Chrono Boost)  
  16  0:35  Probe (Chrono Boost)  
  16  0:37  Gateway  
  16  0:44  Assimilator  
  16  0:46  Probe (Chrono Boost)  
  18  0:57  Probe (Chrono Boost)  
  18  1:07  Probe (Chrono Boost)  
  19  1:18  Probe (Chrono Boost)  
  20  1:24  Nexus  
  20  1:33  Cybernetics Core  
  20  1:36  Probe (Chrono Boost)  
  21  1:41  Assimilator  
  21  1:46  Probe (Chrono Boost)  
  22  1:51  Pylon  
  22  1:57  Probe (Chrono Boost)  
  23  2:11  Mothership Core (Chrono Boost)  
  23  2:14  Stalker  
  27  2:23  Warp Gate (Chrono Boost)  
  27  2:29  Probe (Chrono Boost)  
  28  2:35  Probe  
  29  2:42  Probe  
  30  2:44  Stalker  
  30  2:45  Probe  
  33  2:53  Robotics Facility  
  33  2:55  Probe  
  33  2:56  Probe  
  35  3:06  Probe  
  35  3:07  Probe  
  35  3:11  Assimilator  
  37  3:13  Gateway  
  37  3:16  Stalker  
  37  3:18  Probe  
  37  3:19  Probe  
  41  3:28  Probe  
  41  3:29  Pylon  
  42  3:34  Probe  
  42  3:39  Gateway, Probe  
  44  3:42  Observer (Chrono Boost)  
  42  3:56  Mothership Core  
  36  4:13  Probe  
  36  4:27  Probe  
  34  4:32  Warp Prism (Chrono Boost)  
  36  4:39  Probe  
  36  4:43  Probe  
  38  4:52  Probe  
  38  5:08  Probe  
  38  5:09  Stalker  
  38  5:11  Probe  
  42  5:20  Probe  
  44  5:21  Observer (Chrono Boost), Probe  
  45  5:32  Probe  
  45  5:33  Pylon  
  45  5:35  Pylon  
  41  5:43  Adept  
  41  5:49  Adept  
  45  5:50  Probe  
  46  5:57  Probe  
  46  6:01  Adept  
  49  6:07  Probe  
  50  6:12  Probe  
  47  6:19  Probe  
  47  6:23  Probe  
  48  6:29  Stalker  
  48  6:31  Probe  
  51  6:33  Probe  
  51  6:34  Stalker  
Show
View Real Time Build Order
Export as new Build Order

Kelazhur Terran - Winner!

Build Orders: 1/1/1, Liberator Opening 

Get SALT Encoding   

  12  0:00  SCV  
  13  0:13  SCV  
  14  0:17  Supply Depot  
  14  0:25  SCV  
  15  0:39  SCV  
  15  0:40  Barracks  
  16  0:44  Refinery  
  16  0:51  SCV  
  16  0:54  Refinery  
  17  1:03  SCV  
  18  1:15  SCV  
  19  1:27  Marine  
  19  1:29  Orbital Command  
  20  1:35  Factory  
  20  1:42  Supply Depot  
  20  1:46  Barracks Reactor  
  20  1:55  SCV  
  21  2:07  SCV  
  22  2:18  Starport, Widow Mine  
  22  2:19  SCV  
  22  2:22  Marine x2  
  27  2:25  Supply Depot  
  27  2:31  SCV  
  28  2:39  Marine  
  28  2:40  Marine  
  28  2:43  SCV  
  31  2:47  Hellion  
  33  2:55  Medivac  
  35  2:59  Marine  
  35  3:00  Supply Depot, SCV  
  37  3:12  Hellion  
  39  3:15  Liberator  
  39  3:22  SCV  
  40  3:34  SCV  
  44  3:38  Supply Depot  
  44  3:44  Command Center  
  44  3:54  SCV  
  45  4:00  Liberator  
  42  4:15  Marine x2  
  43  4:17  Factory Tech Lab  
  43  4:18  Barracks  
  43  4:19  Barracks  
  42  4:27  SCV  
  38  4:35  Marine x2  
  38  4:36  Siege Tank  
  42  4:44  SCV  
  43  4:59  Marine x2  
  45  5:02  Orbital Command  
  45  5:08  Siege Tank, SCV  
  49  5:17  Barracks Tech Lab x2  
  49  5:20  Refinery  
  49  5:21  Refinery, Medivac  
  49  5:23  Marine x2, SCV  
  54  5:29  SCV  
  55  5:36  SCV  
  56  5:44  Marine, Marauder  
  56  5:45  Marine  
  56  5:46  SCV  
  61  5:52  Marauder  
  61  5:55  Starport Reactor  
  61  5:56  SCV  
  64  6:03  SCV  
  65  6:04  Marine  
  65  6:05  Marine  
  65  6:08  SCV  
  65  6:09  Marauder  
  70  6:13  Supply Depot x2  
  70  6:17  SCV  
  70  6:18  Marauder  
  70  6:22  SCV  
  69  6:29  SCV  
  70  6:33  Engineering Bay  
  70  6:39  SCV  
  80  6:41  Supply Depot  
Tags
 
Add a new tag
Caveats
  • Supply blocks, unpowered buildings, or Contaminate may cause inaccurate times.
  • Supply counts are checked every 10 seconds.